 Dungeon Crawl Stone Soup version 0.18-a0-1805-g8ab820f (webtiles) character file.

6287 Chiseanne the Exorcist (level 10, 0/105 HPs)
             Began as a Troll Monk on Apr 26, 2016.
             Was an Elder of the Shining One.
             Slain by a warg (7 damage)
             ... on level 11 of the Dungeon.
             The game lasted 00:28:52 (8398 turns).

Chiseanne the Exorcist (Troll Monk)                 Turns: 8398, Time: 00:28:52

Health: 0/105      AC:  5    Str: 29    XL:     10   Next: 63%
Magic:  14/15      EV: 15    Int:  6    God:    the Shining One [****..]
Gold:   362        SH:  8    Dex: 15    Spells: 0 memorised, 9 levels left

rFire  + . .     SeeInvis .       - Unarmed
rCold  . . .     Gourm    +     A - +0 robe of Kohus {rF+ Str+3}
rNeg   + + .     Faith    .     (no shield)
rPois  +         Spirit   .     (helmet restricted)
rElec  .         Dismiss  .     (no cloak)
rCorr  +         Reflect  .     (gloves unavailable)
SustAt .         Harm     .     (boots unavailable)
MR     .....                    (no amulet)
Stlth  +.........               r - ring of resist corrosion
                                d - ring of poison resistance

@: mighty, divine shield, glowing, not resistant to hostile enchantments, very
unstealthy
A: unfitting armour, claws 3, fast metabolism 3, gourmand, regeneration 2,
shaggy fur 1, tough skin 2
a: Divine Shield, Cleansing Flame, Renounce Religion


You were on level 11 of the Dungeon.
You worshipped the Shining One.
The Shining One was greatly pleased with you.
You were very full.

You visited 1 branch of the dungeon, and saw 11 of its levels.
You also visited: Ossuary.

You collected 362 gold pieces.

Inventory:

Hand Weapons
 s - a +1 giant spiked club
Missiles
 c - 266 stones
 f - 4 steel tomahawks (quivered)
 g - 152 sling bullets
 n - 24 bolts
 p - 62 arrows
 u - 8 tomahawks
 D - 4 throwing nets {!*}
Armour
 A - the +0 robe of Kohus (worn) {rF+ Str+3}
   (You found it on level 4 of the Dungeon)

   It affects your strength (+3).
   It protects you from fire.
 O - a +0 robe of cold resistance
Jewellery
 d - a ring of poison resistance (left claw)
 r - a ring of resist corrosion (right claw)
Wands
 x - a wand of paralysis (1/24)
 K - a wand of digging (18/24)
 L - a wand of acid (0/15)
Scrolls
 a - 3 scrolls of immolation
 h - 4 scrolls of remove curse
 q - 6 scrolls of magic mapping
 v - a scroll of blinking
 y - 3 scrolls of teleportation
 C - a scroll of recharging
 G - 2 scrolls of fear
 H - 2 scrolls of fog
 J - 2 scrolls of amnesia
Potions
 e - a potion of haste {unknown}
 i - 6 potions of curing
 k - 4 potions of heal wounds
 t - 3 potions of brilliance
 w - 2 potions of ambrosia {unknown}
 z - a potion of cure mutation
 B - a potion of magic {unknown}
 F - 4 potions of flight
 I - 2 potions of invisibility {unknown}
Comestibles
 b - 16 bread rations
 j - 3 meat rations
 l - 10 beef jerkies
 m - 3 slices of pizza
 o - 2 royal jellies
 E - 11 fruits
 N - 6 chunks of flesh


   Skills:
 * Level 8.3 Fighting
 * Level 8.4 Dodging
 - Level 1.1 Stealth
 - Level 4.0 Unarmed Combat
 * Level 8.4 Invocations


You had 9 spell levels left.
You didn't know any spells.

Dungeon Overview and Level Annotations

Branches:
Dungeon (11/15)            Temple (0/1) D:5            Lair (0/8) D:8
    Orc (0/2) D:11

Altars:
Ashenzari
Fedhas
Nemelex Xobeh
The Shining One
Jiyva


Innate Abilities, Weirdness & Mutations

You are too large for most types of armour.
You have claws for hands.
Your metabolism is lightning-fast.
You like to eat raw meat.
You heal very quickly.
You are covered in fur (AC +1).
You have very tough skin (AC +2).


Message History

The orc warrior hits you from afar with a trident!
* * * LOW HITPOINT WARNING * * *
The warg bites you.
* * * LOW HITPOINT WARNING * * *
The warg bites you!
* * * LOW HITPOINT WARNING * * *
The orc warrior throws a tomahawk.
The tomahawk closely misses you.
You see here a tomahawk.
The warg pauses to sniff the ground.
You block the warg's attack. x2
Found 18 bolts.
The warg misses you.
There is a large open door here.
You enter the shallow water.
Moving in this stuff is going to be slow.
The warg stops to sniff the ground.
The warg bites you!
* * * LOW HITPOINT WARNING * * *
The warg bites you!
You die...

#...............#.# #..#..
#...............#.# #..###
#...............#.#####.....
..#######'#########...........
..............................
##...........................
+............##+###....#####
#............#....#....# #
#..........@##....#....## #
#...........h.....)[....# #
........≈≈≈≈≈h≈..≈≈≈≈≈≈≈.# #
.....###.≈######o'######≈.# #
.....+...≈#....#..# ..(#≈.# #
### #...≈#....#(o#o...#≈.####
#...≈#....'..o....#≈.....
#...≈#....#..#....#≈..... ##.
#)...#..#(..$#≈.....


You could see 2 wargs, 2 orc warriors and an orc.

Vanquished Creatures
  A hill giant (D:11)
  3 trolls
  A wyvern (D:4)
  The ghost of RatWanderer the Skirmisher, an amateur DsWn of Okawaru (D:3)
  2 wargs (D:11)
  A water moccasin (D:11)
  An ice beast (D:8)
  4 orc warriors
  A black bear (D:7)
  4 necrophages (D:6)
  3 ogres
  3 wolves (D:8)
  2 centaurs
  A big kobold (D:10)
  2 crocodiles
  Blork the orc (D:4)
  5 giant frogs
  A water moccasin zombie (D:8)
  3 scorpions
  12 killer bees
  2 howler monkeys (D:8)
  4 electric eels
  4 crimson imps
  A centaur zombie (D:6)
  3 giant frog zombies
  9 hounds
  5 jellies
  4 orc priests
  2 human zombies
  A giant frog skeleton (D:7)
  5 orc wizards
  Jessica (D:2)
  3 iguanas
  2 worker ants
  A big kobold zombie (Ossuary)
  3 mummies (Ossuary)
  3 worker ant zombies
  8 adders
  2 shadow imps
  A worm zombie (D:4)
  2 adder skeletons
  3 worms
  3 dart slugs
  4 giant geckos
  24 orcs
  8 bats
  9 giant cockroaches
  8 goblins
  8 hobgoblins
  7 jackals
  3 quokkas
  A ball python skeleton (D:5)
  A giant gecko skeleton (D:7)
  2 giant newts
  A gnoll zombie (Ossuary)
  2 goblin zombies (Ossuary)
  2 hobgoblin zombies (Ossuary)
  A jackal skeleton (D:3)
  10 kobolds
  An orc zombie (Ossuary)
  13 rats
  A bush (D:6)
230 creatures vanquished.

Vanquished Creatures (others)
  4 plants (D:6)
4 creatures vanquished.

Grand Total: 234 creatures vanquished

Notes
Turn   | Place    | Note
--------------------------------------------------------------
     0 | D:1      | Chiseanne the Troll Monk began the quest for the Orb.
     0 | D:1      | Reached XP level 1. HP: 22/22 MP: 0/0
   111 | D:1      | Reached XP level 2. HP: 29/29 MP: 1/1
   707 | D:2      | Reached XP level 3. HP: 37/37 MP: 2/2
   821 | D:2      | Noticed Jessica
   827 | D:2      | Killed Jessica
   940 | D:2      | Reached XP level 4. HP: 45/45 MP: 3/3
  1645 | D:3      | Found a glowing golden altar of the Shining One.
  1648 | D:3      | Became a worshipper of the Shining One
  1648 | D:3      | Reached * piety under the Shining One
  1648 | D:3      | Reached ** piety under the Shining One
  1835 | D:3      | Noticed RatWanderer's ghost (amateur DsWn)
  2032 | D:4      | Reached skill level 1 in Invocations
  2032 | D:4      | Reached XP level 5. HP: 45/53 MP: 4/4
  2073 | D:4      | Noticed a wyvern
  2078 | D:4      | Killed a wyvern
  2078 | D:4      | Reached XP level 6. HP: 62/62 MP: 4/6
  2135 | D:4      | Noticed Blork the orc
  2147 | D:4      | Killed Blork the orc
  2390 | D:4      | Got a fabulously ornate robe
  2415 | D:4      | Found a sand-covered staircase.
  2422 | Ossuary  | Entered an ossuary
  2424 | Ossuary  | Identified the +0 robe of Kohus {rF+ Str+3} (You found it on level 4 of the Dungeon)
  2494 | Ossuary  | Reached XP level 7. HP: 71/71 MP: 8/8
  2543 | Ossuary  | Reached *** piety under the Shining One
  2958 | D:5      | Entered Level 5 of the Dungeon
  3311 | D:3      | Killed RatWanderer's ghost
  3311 | D:3      | Reached skill level 5 in Fighting
  3311 | D:3      | Reached skill level 5 in Dodging
  3455 | D:5      | Reached XP level 8. HP: 19/80 MP: 6/10
  3590 | D:5      | Found a staircase to the Ecumenical Temple.
  4572 | D:6      | Found a blossoming altar of Fedhas.
  4624 | D:6      | Reached **** piety under the Shining One
  4624 | D:6      | Reached skill level 5 in Invocations
  4885 | D:7      | Reached XP level 9. HP: 68/89 MP: 12/12
  5233 | D:8      | Found a viscous altar of Jiyva.
  5557 | D:8      | Noticed a troll
  5566 | D:8      | Killed a troll
  5836 | D:8      | Found a staircase to the Lair.
  6065 | D:8      | Found a sparkling altar of Nemelex Xobeh.
  6442 | D:9      | Reached XP level 10. HP: 100/102 MP: 14/14
  7240 | D:10     | Entered Level 10 of the Dungeon
  7830 | D:11     | Noticed a six-headed hydra
  7950 | D:11     | Found a staircase to the Orcish Mines.
  7967 | D:11     | Found a shattered altar of Ashenzari.
  8101 | D:11     | Noticed a hill giant
  8120 | D:11     | Killed a hill giant
  8398 | D:11     | Slain by a warg

Vault maps used:
D:1:      dpeg_arrival_tiny_i, supply_closet_lemuel, corner_web_ring
D:2:      first_bread, uniq_jessica
D:3:      tso_oasis_becter
D:4:      enter_ossuary_3, uniq_blork_the_orc
D:5:      temple_statues
D:6:      fedhas_altar_decomposition
D:8:      nemelex_xobeh_ov_fountains_minmay, erik_lair_island, grunt_ogre_cave,
          serial_park_tiny_pond, hangedman_abyss_or_decor_stabs, jiyva_altar_1
D:11:     orc_0_dummy, basic_altar, nooodl_orcs_dogs
Ossuary:  ossuary_crypta

Skill      XL: |  1  2  3  4  5  6  7  8  9 10 |
---------------+-------------------------------+-----
Fighting       | 3 4 5 6 7 8 |  8.3
Dodging        | 3 4 5 6 7 8 |  8.4
Invocations    | 1 2 4 5 7 8 |  8.4
Stealth        | |  1.1
Unarmed Combat | |  4.0

Action                   |  1- 3 |  4- 6 |  7- 9 | 10-12 || total
-------------------------+-------+-------+-------+-------++-------
Melee: Unarmed           |    74 |   109 |   392 |   174 ||   749
       Punch             |     1 |       |    10 |     2 ||    13
Throw: Stone             |       |       |     5 |       ||     5
       Tomahawk          |       |       |       |     6 ||     6
Invok: Divine Shield     |       |     1 |     5 |     4 ||    10
Evoke: Wand              |       |       |    10 |     1 ||    11
  Use: Scroll            |     3 |     5 |    14 |     2 ||    24
       Potion            |       |       |     1 |     1 ||     2
 Stab: Sleeping          |     5 |     1 |       |       ||     6
  Eat: Chunk             |    14 |    14 |    36 |    19 ||    83
Armor: Robe              |    21 |    33 |    45 |    35 ||   134
Dodge: Dodged            |    27 |    62 |   194 |   146 ||   429
Block: Other             |       |       |    20 |    26 ||    46
